 Dungeon Crawl Stone Soup version 0.28.0-45-g0d030f2227 (webtiles) character file.

Game seed: 8972128053141921985

70 thiscave3701365 the Chopper (level 4, -2/61 HPs)
             Began as a Hill Orc Berserker on Apr 18, 2022.
             Was a Follower of Trog.
             Slain by a gnoll
             ... wielding a +0 spear
              (8 damage)
             ... on level 2 of the Dungeon.
             The game lasted 00:01:02 (1775 turns).

thiscave3701365 the Chopper (Hill Orc Berserker)    Turns: 1775, Time: 00:01:02

Health: -2/61      AC:  2    Str: 21    XL:     4   Next: 22%
Magic:  4/4        EV: 12    Int:  7    God:    Trog [*.....]
Gold:   45         SH:  0    Dex: 10    Spells: 3/3 levels left

rFire   . . .      SeeInvis .   a - +0 hand axe
rCold   . . .      Faith    .   (no shield)
rNeg    . . .      Spirit   .   b - +0 animal skin
rPois   .          Reflect  .   (no helmet)
rElec   .          Harm     .   (no cloak)
rCorr   .          Rampage  .   (no gloves)
Will    .....                   (no boots)
Stlth   ..........              (no amulet)
HPRegen 0.20/turn               (no ring)
MPRegen 0.09/turn               (no ring)

@: berserking (expiring), very quick
A: no striking features
a: Renounce Religion, Berserk


You were on level 2 of the Dungeon.
You worshipped Trog.
Trog was aware of your devotion.
You visited 1 branch of the dungeon, and saw 2 of its levels.

You collected 45 gold pieces.

Inventory:

Hand Weapons
 a - a +0 hand axe (weapon)
Armour
 b - a +0 animal skin (worn)
Scrolls
 c - a scroll of magic mapping {unknown}
 d - a scroll of teleportation {unknown}
 f - a scroll of noise {unknown}
 g - a scroll of enchant weapon {unknown}
Potions
 e - a potion of magic {unknown}
 h - a potion of berserk rage {unknown}


   Skills:
 + Level 4.3 Fighting
 + Level 4.7 Axes
 + Level 3.0 Armour
 + Level 2.2 Dodging


You had 3 spell levels left.
You didn't know any spells.
Your spell library was empty.

Dungeon Overview and Level Annotations

Branches:
Dungeon (2/15)

Altars:

Shops:
D:2 :


Message History

Trog accepts your kill.
The gnoll hits you from afar with a +0 spear.
Unknown command.
You are too injured to fight recklessly!
You are too injured to fight recklessly!
Unknown command.
You are too injured to fight recklessly!
You are too injured to fight recklessly!
Unknown command.
You are too injured to fight recklessly!
You see here a +0 whip.
You closely miss the gnoll. The gnoll hits you with a +0 spear!
You slash the gnoll!
The gnoll is severely wounded.
The gnoll hits you with a +0 spear!
* * * LOW HITPOINT WARNING * * *
You hit the gnoll.
You kill the gnoll!
Trog accepts your kill.
Your Armour skill increases to level 3!
You have reached level 4!
You slash the gnoll!
You kill the gnoll!
Trog accepts your kill.
You barely miss the endoplasm. The endoplasm closely misses you.
You completely miss the endoplasm.
The gnoll throws a throwing net.
The throwing net barely misses you.
You slash the endoplasm!
You kill the endoplasm!
Trog accepts your kill.
Things that are here:
a +0 flail; a throwing net You slash the gnoll!
The gnoll is almost dead.
The gnoll hits you with a +0 spear.
* * * LOW HITPOINT WARNING * * *
You completely miss the gnoll.
The gnoll is almost dead.
The gnoll hits you with a +0 spear!
You die...

.....(##.# ####
.#.#####.#########...##
.......#..............#
..............(........
..................<....
##....#########.#######
##....+ .#...#.......#
......###.......)#....#
.#......#...∩...@)....#
......#.#.......g.....#
..#...................#
..#.#...##..........#.#
.........##+#######.# #
.#..[.##.# .# ....#.#
.# ## ......# #.....#


You could see a gnoll.

Vanquished Creatures
  Natasha (D:2)
  3 gnolls (D:2)
  An endoplasm (D:2)
  A giant cockroach (D:1)
  2 goblins (D:1)
  2 hobgoblins
  A kobold (D:1)
  4 ball pythons (D:1)
  2 bats (D:1)
  A frilled lizard (D:1)
  A rat (D:1)
19 creatures vanquished.

Vanquished Creatures (others)
  6 demonic plants (D:2)
  A fungus (D:2)
  4 plants
  A withered plant (D:2)
12 creatures vanquished.

Grand Total: 31 creatures vanquished

Notes
Turn   | Place    | Note
-------+----------+-------------------------------------------
     0 | D:1      | thiscave3701365 the Hill Orc Berserker began the quest for
                  | the Orb.
     0 | D:1      | Reached XP level 1. HP: 19/19 MP: 1/1
   349 | D:1      | Reached XP level 2. HP: 27/27 MP: 2/2
  1329 | D:2      | Noticed Natasha
  1336 | D:2      | Noticed a crimson imp
  1343 | D:2      | Killed Natasha
  1344 | D:2      | Reached XP level 3. HP: 12/33 MP: 3/3
  1758 | D:2      | Found Apliponetu's Book Shop.
  1769 | D:2      | Reached XP level 4. HP: 8/40 MP: 4/4
  1775 | D:2      | Slain by a gnoll

Illustrated notes

Levels and vault maps discovered:
D:1:      amcnicky_arrival_flooded_fountain, layout_loops_corners,
          serial_forest, infiniplex_forest_clump_cross,
          infiniplex_forest_straight_3, infiniplex_forest_clump_small,
          infiniplex_forest_clump_diagonal, infiniplex_forest_lined_2,
          infiniplex_forest_lined_3, hex_tiny, minmay_misc_feat_roman,
          minmay_pentomino_q2
D:2:      layout_basic, shapermc_ecumenical_altar_gd, serial_shops, shop,
          uniq_natasha

Skill      XL: |  1  2  3 |
---------------+----------+-----
Fighting       | 4 |  4.3
Dodging        | 2 |  2.2
Armour         | 3 |  3.0
Axes           | |  4.7

Action                   |  1- 3 |  4- 6 || total
-------------------------+-------+-------++-------
Melee: Hand axe          |    53 |     6 ||    59
       Punch             |     1 |       ||     1
Invok: Berserk           |     2 |       ||     2
Armor: Animal skin       |     4 |       ||     4
Dodge: Dodged            |    33 |     2 ||    35
